 Dungeon Crawl Stone Soup version 0.29-a0-369-gd956c00756 (webtiles) character file.

Game seed: 5476092350890375321

140434 Antichthon the Bludgeoner (level 17, -17/110 HPs)
             Began as a Gargoyle Fighter on May 2, 2022.
             Was the Champion of the Shining One.
             Demolished by a wolf spider (25 damage)
             ... led by a broodmother
             ... on level 4 of the Spider Nest.
             The game lasted 01:22:35 (36906 turns).

Antichthon the Bludgeoner (Gargoyle Fighter)       Turns: 36906, Time: 01:22:36

Health: -17/110    AC: 35    Str: 24      XL:     17   Next: 30%
Magic:  0/25       EV: 10    Int: 15 (16) God:    the Shining One [******]
Gold:   3116       SH: 24    Dex: 17      Spells: 16/16 levels left

rFire   . . .      SeeInvis .   a - +7 eveningstar "Yfeneimi" {speed, Int+3}
rCold   . . .      Faith    .   x - +4 tower shield {reflect}
rNeg    + + +      Spirit   +   r - +0 plate armour
rPois   ∞          Reflect  +   e - +0 helmet
rElec   +          Harm     .   k - +0 cloak
rCorr   .          Rampage  +   l - +0 pair of gloves
Will    ++...                   C - +0 pair of boots {rampage}
Stlth   ..........              h - amulet of guardian spirit
HPRegen 0.28/turn               f - +6 ring of dexterity
MPRegen 0.19/turn               o - ring of willpower

@: about to teleport, flying, glowing
A: sickness immunity, AC +12, big wings, negative energy resistance 1,
electricity resistance, torment resistance 1, petrification resistance, talons
1, agile 1, sturdy frame 1
a: Renounce Religion, Divine Shield, Cleansing Flame, Summon Divine Warrior,
Brand Weapon With Holy Wrath


You were on level 4 of the Spider Nest.
You worshipped the Shining One.
The Shining One was exalted by your worship.
You visited 5 branches of the dungeon, and saw 27 of its levels.

You collected 4202 gold pieces.
You spent 1086 gold pieces at shops.

Inventory:

Hand Weapons
 a - the +7 eveningstar "Yfeneimi" (weapon) {speed, Int+3}
   (You acquired it on level 5 of the Lair of Beasts)

   Attacks with this weapon are significantly faster.
   Int:       It affects your intelligence (+3).
Armour
 e - a +0 helmet (worn)
 k - a +0 cloak (worn)
 l - a +0 pair of gloves (worn)
 r - a +0 plate armour (worn)
 x - a +4 tower shield of reflection (worn)
 C - a +0 pair of boots of rampaging (worn)
Jewellery
 f - a +6 ring of dexterity (left hand)
 h - an amulet of guardian spirit (around neck)
 o - a ring of willpower (right hand)
Wands
 c - a wand of digging (8)
 j - a wand of mindburst (1)
 t - a wand of flame (94)
 z - a wand of paralysis (24)
 B - a wand of acid (14)
 M - a wand of polymorph (3)
 Q - a wand of charming (6)
Scrolls
 b - 3 scrolls of fog
 g - 4 scrolls of teleportation
 w - 2 scrolls of fear
 y - 2 scrolls of enchant weapon
 E - 17 scrolls of identify
 F - 2 scrolls of magic mapping
 G - 5 scrolls of blinking
 H - 9 scrolls of immolation
 J - 2 scrolls of holy word
 K - a scroll of summoning
 L - a scroll of amnesia
 P - 2 scrolls of vulnerability
Potions
 d - 3 potions of might
 i - 2 potions of cancellation
 m - 6 potions of brilliance
 n - 2 potions of ambrosia
 p - 6 potions of curing
 q - 5 potions of attraction
 s - 4 potions of magic
 u - 3 potions of mutation
 v - 2 potions of resistance
 D - 2 potions of lignification
 I - 4 potions of haste
 N - 2 potions of berserk rage


   Skills:
 * Level 13.7 Fighting
 * Level 17.0 Maces & Flails
 * Level 13.2 Armour
 * Level 8.3 Dodging
 * Level 16.0 Shields
 * Level 11.0 Invocations


You had 16 spell levels left.
You didn't know any spells.
Your spell library contained the following spells:

 Spells                   Type           Power      Damage    Failure   Level
 Foxfire                  Conj/Fire      0%         2x1d4     99%         1
 Shock                    Conj/Air       0%         1d3       99%         1
 Corpse Rot               Necr/Air       0%         N/A       100%        2
 Ensorcelled Hibernation  Hex/Ice        0%         N/A       100%        2
 Passwall                 Tmut/Erth      0%         N/A       100%        2
 Poisonous Vapours        Pois/Air       0%         N/A       100%        2
 Conjure Flame            Conj/Fire      0%         6-21      100%        3
 Dazzling Flash           Conj/Hex       0%         N/A       100%        3
 Ignite Poison            Fire/Tmut/Pois 0%         N/A       100%        3
 Inner Flame              Hex/Fire       0%         N/A       100%        3
 Mephitic Cloud           Conj/Pois/Air  0%         N/A       100%        3
 Swiftness                Air            0%         N/A       100%        3
 Tukima's Dance           Hex            0%         N/A       100%        3
 Airstrike                Air            0%         N/A       100%        4
 Animate Armour           Summ/Erth      0%         N/A       100%        4
 Flame Wave               Conj/Fire      0%         2d4       100%        4
 Passage of Golubria      Tloc           0%         N/A       100%        4
 Petrify                  Tmut/Erth      0%         N/A       100%        4
 Summon Ice Beast         Ice/Summ       0%         N/A       100%        4
 Agony                    Necr           0%         N/A       100%        5
 Alistair's Intoxication  Tmut/Pois      0%         N/A       100%        5
 Borgnjor's Vile Clutch   Necr/Erth      0%         N/A       100%        5
 Freezing Cloud           Conj/Ice/Air   0%         6-21      100%        5
 Metabolic Englaciation   Hex/Ice        0%         N/A       100%        5
 Silence                  Hex/Air        0%         N/A       100%        5
 Yara's Violent Unravell  Hex/Tmut       0%         3d3       100%        5
 Eringya's Noxious Bog    Tmut/Pois      0%         N/A       100%        6
 Simulacrum               Ice/Necr       0%         N/A       100%        6
 Polar Vortex             Ice            0%         N/A       100%        9
 Statue Form              Tmut/Erth      Unusable   N/A       N/A         6

Dungeon Overview and Level Annotations

Branches:
Dungeon (14/15)            Temple (1/1) D:4            Lair (6/6) D:9
 Shoals (0/4) Lair:4       Spider (4/4) Lair:4        Slime (0/5) Lair:5
    Orc (2/2) D:12            Elf (0/3) Orc:2        Vaults (0/5) D:14

Altars:
Ashenzari
Cheibriados
Dithmenos
Elyvilon
Fedhas
Gozag
Hepliaklqana
Kikubaaqudgha
Makhleb
Nemelex Xobeh
Okawaru
Qazlal
Ru
Sif Muna
Trog
Uskayaw
Vehumet
Wu Jian
Xom
Yredelemnul
Zin
The Shining One
Beogh
Lugonu

Shops:
D:4 !   D:7 (   D:10 *=(((   D:12 (   D:14 !   Orc:1 [*   Orc:2 **([

Annotations:
D:3 2 runed translucent doors, frimble's ghost, amateur GnCA
Lair:5 1 runed translucent door, Wanecan's ghost, journeyman HuBe


Innate Abilities, Weirdness & Mutations

You are immune to sickness and miasma.
Your stone body is resilient. (AC +12)
You are immune to poison.
Your large and strong wings let you fly.
You resist negative energy. (rN+)
You are resistant to electric shocks. (rElec)
You are resistant to unholy torment.
You are immune to petrification.
You have sharp toenails.
You are agile. (Dex +2)
Your movements are slightly less encumbered by armour. (ER -2)


Message History

The emperor scorpion barely misses you.
The emperor scorpion claws you but does no damage.
The moth of wrath bites you but does no damage.
You hit the moth of wrath.
The moth of wrath is lightly wounded.
You block the wolf spider's attack. x2
The emperor scorpion stings you but does no damage.
The emperor scorpion claws you but does no damage.
You block the emperor scorpion's attack.
The wolf spider closely misses you. The wolf spider barely misses you.
The moth of wrath goads the emperor scorpion on!
The emperor scorpion goes berserk!
The emperor scorpion stings you!
You block the emperor scorpion's attack.
The emperor scorpion claws you.
You impale the moth of wrath!!
The moth of wrath is severely wounded.
The emperor scorpion stings you!
You block the emperor scorpion's attack. x2
The wolf spider hits you. You block the wolf spider's attack.
You block the emperor scorpion's attack.
The emperor scorpion claws you but does no damage.
The emperor scorpion closely misses you.
You feel better. You block the wolf spider's attack. x2
The emperor scorpion stings you. The emperor scorpion claws you!
You block the emperor scorpion's attack.
The wolf spider hits you but does no damage.
The wolf spider bites you!
* * * LOW HITPOINT WARNING * * *
The emperor scorpion stings you!!
* * * LOW HITPOINT WARNING * * *
The emperor scorpion claws you but does no damage.
The emperor scorpion barely misses you. The moth of wrath bites you.
* * * LOW HITPOINT WARNING * * *
The emperor scorpion barely misses you.
The emperor scorpion claws you but does no damage. x2
The jumping spider pounces on you but does no damage.
The jumping spider bites you.
* * * LOW HITPOINT WARNING * * *
The wolf spider hits you!!
You die...

##### #.^.### ###
#####≈....#######≈≈
###.≈s..≈..≈....#≈≈≈.
######≈≈s@s.##.≈##≈s.≈≈≈≈.
#####≈≈≈#≈.†s#y.##s^###....##.
#..≈≈≈≈≈....#####.y.# ##††..##
#...≈##≈...≈# #y.## #†...#
#.####≈^..≈## #'s# ##..≈##
######...###


ss##y ##≈.≈# ##≈≈.≈## #![s s! ####≈.≈ ##≈..≈.# +!.y y.. #..#≈.≈ #^..≈≈#### ####
#####.≈≈≈.. You could see 2 emperor scorpions, a wolf spider (berserk), a moth
of wrath and a jumping spider.

Vanquished Creatures
  2 orc warlords
  3 emperor scorpions (Spider:4)
  3 ghost moths
  3 broodmothers
  Nessos (D:14)
  Azrael (D:13)
  A spark wasp (Spider:3)
  2 entropy weavers
  Josephine (D:13)
  A rakshasa (D:14)
  8 vault guards (D:14)
  Erolcha (D:13)
  2 jorogumos (Spider:1)
  7 hydras
  6 boulder beetles
  2 catoblepae
  3 centaur warriors
  8 two-headed ogres
  7 death yaks
  4 radroaches
  An ogre mage (D:13)
  A deep troll shaman (Lair:6)
  A death knight (D:14)
  4 orc high priests
  A tengu warrior (D:12)
  A skeletal warrior (D:14)
  4 sun moths
  7 pharaoh ants
  10 orb spiders
  3 steelbarb worms
  Pikel (D:5)
  A deep elf pyromancer (D:14)
  2 lindwurms
  17 wolf spiders
  6 orc knights
  9 ugly things
  9 orc sorcerers
  A cyclops (D:13)
  9 elephants
  A moth of wrath (Spider:4)
  6 black mambas
  A gargoyle (D:10)
  2 molten gargoyles
  3 torpor snails
  8 komodo dragons
  5 demonic crawlers
  A freezing wraith (D:14)
  10 cane toads
  5 rime drakes
  3 meliai
  A queen bee (Spider:4)
  8 trolls
  Grinder (D:5)
  A hornet (shapeshifter) (D:13)
  3 polar bears
  A tarantella (shapeshifter) (Spider:1)
  11 tarantellas
  9 dream sheep
  2 hornets (Spider:4)
  2 slime creatures (D:12)
  A centaur simulacrum (D:14)
  12 blink frogs
  Sigmund (D:6)
  23 jumping spiders
  24 culicivoras
  A culicivora (shapeshifter) (D:13)
  2 vampires
  3 shadows
  8 wraiths
  Eustachio (D:5)
  A jumping spider (shapeshifter) (D:14)
  A fire elemental (D:13)
  5 wyverns
  47 yaks
  2 steam dragons
  3 basilisks
  50 redbacks
  2 vampire mosquitoes (D:12)
  Menkaure (D:4)
  Edmund (D:6)
  3 wargs
  2 acid dragons
  15 water moccasins
  3 hell hounds
  2 ice beasts
  30 orc warriors
  3 black bears
  20 wolves
  7 centaurs
  9 ogres
  4 phantoms
  2 kobold brigands
  9 bullfrogs
  2 scorpions
  A troll zombie (D:12)
  15 killer bees
  5 howler monkeys
  5 lava snakes (D:11)
  15 orc priests
  5 hounds
  4 jellies (Lair:5)
  3 iguanas
  24 orc wizards
  5 ogre zombies (D:12)
  3 gnolls
  11 adders
  A white imp (D:6)
  An ufetubus (D:5)
  7 worms
  2 dart slugs
  44 orcs
  4 bats
  8 endoplasms
  4 giant cockroaches
  8 goblins
  8 hobgoblins
  20 kobolds
  9 quokkas
  8 ball pythons
  4 frilled lizards
  2 goblin zombies (D:12)
  2 hobgoblin skeletons (D:12)
  4 orc skeletons (D:12)
  11 orc zombies (D:12)
  12 rats
793 creatures vanquished.

Vanquished Creatures (others)
  An orc priest (Orc:2)
  2 orc wizards
  An orc (Orc:2)
  39 fungi
  80 plants
123 creatures vanquished.

Grand Total: 916 creatures vanquished

Notes
Turn   | Place    | Note
-------+----------+-------------------------------------------
     0 | D:1      | Antichthon the Gargoyle Fighter began the quest for the
                  | Orb.
     0 | D:1      | Reached XP level 1. HP: 14/14 MP: 1/1
   225 | D:1      | Reached XP level 2. HP: 19/19 MP: 2/2
   588 | D:1      | Reached XP level 3. HP: 21/23 MP: 3/3
   800 | D:1      | Reached skill level 1 in Invocations
  1426 | D:2      | Reached XP level 4. HP: 28/28 MP: 4/4
  1615 | D:2      | Reached skill level 3 in Maces & Flails
  1626 | D:2      | Reached XP level 5. HP: 7/33 MP: 6/6
  2223 | D:3      | Reached skill level 1 in Dodging
  2430 | D:3      | Found a hide-covered altar of Uskayaw.
  2566 | D:3      | Found a sacrificial altar of Ru.
  2659 | D:3      | Found a large runed translucent door.
  2659 | D:3      | Found a large runed translucent door.
  2669 | D:3      | Noticed frimble's ghost (amateur GnCA)
  2702 | D:3      | Reached XP level 6. HP: 37/38 MP: 5/7
  2715 | D:3      | Reached skill level 4 in Maces & Flails
  3035 | D:4      | Found Qaacuzxa's Distillery.
  3054 | D:4      | Bought a potion of flight for 36 gold pieces
  3054 | D:4      | Bought a potion of curing for 36 gold pieces
  3054 | D:4      | Bought a potion of attraction for 36 gold pieces
  3104 | D:4      | Found a staircase to the Ecumenical Temple.
  3133 | Temple   | Entered the Ecumenical Temple
  3437 | D:4      | Noticed Menkaure
  3449 | D:4      | Killed Menkaure
  3456 | D:4      | Found an opulent altar of Gozag.
  3849 | D:4      | Found a glowing golden altar of the Shining One.
  3868 | D:4      | Reached XP level 7. HP: 28/43 MP: 6/8
  3915 | D:4      | Became a worshipper of the Shining One
  4343 | D:5      | Entered Level 5 of the Dungeon
  4364 | D:5      | Noticed Pikel
  4394 | D:5      | Killed Pikel
  4395 | D:5      | Reached skill level 6 in Maces & Flails
  4395 | D:5      | Reached skill level 5 in Armour
  4395 | D:5      | Reached XP level 8. HP: 42/48 MP: 7/10
  4615 | D:5      | Noticed Grinder
  4641 | D:5      | Paralysed by Grinder for 6 turns
  4650 | D:5      | Killed Grinder
  4743 | D:5      | Reached skill level 5 in Shields
  4788 | D:5      | Reached skill level 5 in Fighting
  5091 | D:5      | Got Hutul's Collected Works on Dusty Summoning
  5099 | D:5      | Noticed Eustachio
  5157 | D:5      | Killed Eustachio
  5158 | D:5      | Reached skill level 7 in Maces & Flails
  5274 | D:5      | Reached XP level 9. HP: 51/54 MP: 9/11
  5423 | D:5      | Found an ornate altar of the Wu Jian Council.
  5506 | D:6      | Reached * piety under the Shining One
  5888 | D:6      | Found a shadowy altar of Dithmenos.
  5965 | D:6      | Noticed Sigmund
  5971 | D:6      | Killed Sigmund
  5979 | D:6      | Noticed Edmund
  5991 | D:6      | Killed Edmund
  6239 | D:6      | Reached skill level 8 in Maces & Flails
  7022 | D:7      | Found Gerur's Antique Weapon Shop.
  7028 | D:7      | Bought a sapphire mace for 248 gold pieces
  7028 | D:7      | Identified the +7 mace "Kunokock" {holy, Int+3} (You bought
                  | it in a shop on level 7 of the Dungeon)
  7258 | D:7      | Found a glowing silver altar of Zin.
  7258 | D:7      | Found a sparkling altar of Nemelex Xobeh.
  7840 | D:8      | Noticed a boulder beetle
  8213 | D:8      | Killed a boulder beetle
  8214 | D:8      | Reached skill level 9 in Maces & Flails
  8214 | D:8      | Reached XP level 10. HP: 33/61 MP: 6/13
  8610 | D:9      | Found an ancient bone altar of Kikubaaqudgha.
  8731 | D:9      | Reached skill level 5 in Invocations
  8872 | D:9      | Found a staircase to the Lair.
  9248 | D:9      | Reached skill level 10 in Maces & Flails
  9574 | D:10     | Entered Level 10 of the Dungeon
  9674 | D:10     | Found Irorph's Weapon Emporium.
  9694 | D:10     | Noticed a gargoyle
  9810 | D:10     | Killed a gargoyle
  9859 | D:10     | Found Dutahi's Jewellery Shop.
  9878 | D:10     | Reached ** piety under the Shining One
  9901 | D:10     | Reached XP level 11. HP: 62/67 MP: 13/15
  9905 | D:10     | Found Zaryxzaz's Assorted Antiques.
  9942 | D:10     | Bought a shiny tower shield for 165 gold pieces
 10014 | D:10     | Bought a pink potion for 19 gold pieces
 10270 | D:10     | Found Amecsosk's Weapon Boutique.
 10302 | D:10     | Found Lucisuha's Weapon Emporium.
 10514 | D:10     | Bought a scroll labelled LUR FUIPTI for 22 gold pieces
 10581 | D:10     | Found a glowing golden altar of the Shining One.
 10694 | D:10     | You fall into a shaft and drop 3 floors!
 10709 | D:13     | Noticed a cyclops
 10716 | D:13     | Killed a cyclops
 10828 | D:13     | Noticed Azrael
 10828 | D:13     | Noticed an ogre mage
 10828 | D:13     | Noticed a two-headed ogre
 10828 | D:13     | Paralysed by an ogre mage for 4 turns
 10829 | D:13     | Noticed a salamander
 10830 | D:13     | Noticed a two-headed ogre
 11050 | D:11     | Noticed a white ugly thing
 11050 | D:11     | Noticed a two-headed ogre
 11059 | D:11     | Noticed a boulder beetle
 11129 | D:11     | Killed a boulder beetle
 11530 | D:11     | Killed a two-headed ogre
 11566 | D:11     | HP: 1/67 [white ugly thing (28)]
 11570 | D:11     | Killed a white ugly thing
 11571 | D:11     | Reached skill level 11 in Maces & Flails
 11929 | Lair:1   | Entered Level 1 of the Lair of Beasts
 12382 | Lair:1   | Identified the +0 tower shield "Kokuofeu" {Dex+2}
 12701 | Lair:1   | Reached *** piety under the Shining One
 13198 | Lair:1   | Reached XP level 12. HP: 68/73 MP: 13/16
 13481 | Lair:2   | You fall into a shaft and drop 2 floors!
 13481 | Lair:4   | Noticed a death yak
 13482 | Lair:4   | Noticed a death yak
 13485 | Lair:4   | Found a staircase to the Shoals.
 13485 | Lair:4   | Noticed a death yak
 13876 | Lair:1   | Reached skill level 5 in Dodging
 14152 | Lair:2   | Reached skill level 10 in Armour
 14684 | Lair:2   | Reached skill level 12 in Maces & Flails
 15504 | Lair:3   | Noticed a four-headed hydra
 15516 | Lair:3   | Killed a four-headed hydra
 15517 | Lair:3   | Reached skill level 10 in Shields
 16008 | Lair:3   | Reached XP level 13. HP: 49/80 MP: 14/18
 17489 | Lair:4   | Found a hole to the Spider Nest.
 17489 | Lair:4   | Reached **** piety under the Shining One
 17693 | Lair:4   | Identified a scroll of acquirement
 17694 | Lair:4   | Acquired 1064 gold pieces
 17816 | Lair:4   | Reached skill level 13 in Maces & Flails
 18506 | Lair:5   | Found a glowing silver altar of Zin.
 19193 | Lair:5   | Found a staircase to the Slime Pits.
 19276 | Lair:5   | Acquired the +7 eveningstar "Yfeneimi" {speed, Int+3}
 19566 | Lair:5   | Found a runed translucent door.
 19567 | Lair:5   | Noticed Wanecan's ghost (journeyman HuBe)
 19586 | Lair:6   | Entered Level 6 of the Lair of Beasts
 20371 | Lair:5   | Reached skill level 10 in Fighting
 20599 | Lair:6   | Gained mutation: Your large and strong wings let you fly.
                  | [Gargoyle growth]
 20599 | Lair:6   | Reached XP level 14. HP: 86/88 MP: 20/20
 20991 | Lair:6   | Reached skill level 14 in Maces & Flails
 21930 | D:11     | Reached ***** piety under the Shining One
 22253 | D:11     | Identified the +2 leather armour of Hairiness {*Corrode rN+
                  | Will+}
 22553 | D:12     | Found a staircase to the Orcish Mines.
 22792 | D:12     | Found Futaopim's Antique Weapon Boutique.
 23220 | Orc:1    | Entered Level 1 of the Orcish Mines
 23220 | Orc:1    | Reached ****** piety under the Shining One
 23220 | Orc:1    | Found Huerolig's Armour Boutique.
 23617 | Orc:1    | Found Fumomeap's General Store.
 23625 | Orc:1    | Bought a +0 pair of boots of rampaging for 126 gold pieces
 23657 | Orc:1    | Bought a +0 helmet for 63 gold pieces
 23744 | Orc:2    | Entered Level 2 of the Orcish Mines
 24039 | Orc:2    | Noticed an orc warlord
 24057 | Orc:2    | Killed an orc warlord
 24800 | Orc:2    | Paralysed by an orc sorcerer for 2 turns
 25022 | Orc:2    | Found a staircase to the Elven Halls.
 25091 | Orc:2    | Gained mutation: Your body sometimes deteriorates upon
                  | taking damage. [a neqoxec]
 25100 | Orc:2    | Lost mutation: Your body sometimes deteriorates upon taking
                  | damage. [potion of mutation]
 25100 | Orc:2    | Gained mutation: Your movements are slightly less
                  | encumbered by armour. (ER -2) [potion of mutation]
 25100 | Orc:2    | Gained mutation: You are agile. (Dex +2) [potion of
                  | mutation]
 25100 | Orc:2    | Gained mutation: You have sharp toenails. [potion of
                  | mutation]
 25192 | Orc:2    | Reached skill level 15 in Maces & Flails
 25289 | Orc:2    | Reached XP level 15. HP: 94/94 MP: 21/21
 25388 | Orc:2    | Found Suireimo's General Store.
 25393 | Orc:2    | Found Gurch's Antique Armour Shoppe.
 25397 | Orc:2    | Bought a potion of mutation for 128 gold pieces
 25400 | Orc:2    | Found Faohelod's Weapon Shoppe.
 25402 | Orc:2    | Found Wualut's Assorted Antiques.
 25411 | Orc:2    | Bought an aquamarine-encrusted scale mail for 207 gold
                  | pieces
 25411 | Orc:2    | Identified the +1 scale mail of Dishonour {Rampage *Slow
                  | Fly Dex+6} (You bought it in a shop on level 2 of the
                  | Orcish Mines)
 25513 | D:13     | Noticed Josephine
 25519 | D:13     | Killed Josephine
 25586 | D:13     | Noticed Erolcha
 25613 | D:13     | Killed Erolcha
 25791 | D:13     | Killed Azrael
 26259 | D:13     | Identified the +4 long sword of the Three Souls {holy, rF+
                  | rCorr}
 26668 | D:14     | Found a corrupted altar of Lugonu.
 27032 | D:14     | Noticed Nessos
 27047 | D:14     | Killed Nessos
 27120 | D:14     | Found Xysaorphu's Distillery.
 27375 | D:14     | Found a gate to the Vaults.
 27423 | D:14     | Reached skill level 16 in Maces & Flails
 27882 | D:14     | Noticed an orc warlord
 27928 | D:14     | Paralysed by an orc sorcerer for 2 turns
 28233 | D:14     | Killed an orc warlord
 28859 | Spider:1 | Entered Level 1 of the Spider Nest
 28871 | Lair:4   | Reached skill level 10 in Invocations
 29239 | Spider:1 | Reached XP level 16. HP: 101/101 MP: 23/23
 33891 | Spider:3 | Reached skill level 15 in Shields
 34120 | Spider:4 | Entered Level 4 of the Spider Nest
 35801 | Spider:4 | Reached XP level 17. HP: 86/109 MP: 19/25
 36235 | Spider:3 | Reached skill level 17 in Maces & Flails
 36906 | Spider:4 | Demolished by a wolf spider

Illustrated notes

Levels and vault maps discovered:
D:1:      lemuel_arrival_hallway, layout_basic, kennysheep_boxes
D:2:      layout_rooms
D:3:      layout_basic, mainiacjoe_overflow_brackets,
          nicolae_overflow_crystal_walls, ebering_ghost_disaster_area,
          nicolae_wormholes
D:4:      layout_loops_cross, grunt_gozag_breadcrumbs,
          minmay_temple_entry_stoned_glass, serial_shops, shop,
          chequers_mini_garden, minmay_ruined_shrine, uniq_menkaure
D:5:      layout_basic, general_overflow_altar, uniq_pikel, uniq_grinder,
          uniq_eustachio
D:6:      layout_rooms, nicolae_dithmenos_the_darkroom, sigmund_edmund_badplayer
D:7:      nicolae_cairo_tiling_large, layout_gridville,
          gammafunk_temple_overflow_pools, serial_shops, shop
D:8:      layout_basic
D:9:      layout_basic, mainiacjoe_overflow_boulevard, erik_lair_island,
          lemuel_flame_loot_1
D:10:     layout_cave_pools, tso_altar, serial_shops, shop, shop, shop, shop,
          shop_fountains, nrook_mini_backslash, minmay_misc_feat_four_crosses,
          minmay_misc_feat_nine_boxes
D:11:     cheibrodos_magma_flow, layout_loops_ring, kennysheep_generic_room_3
D:12:     layout_roguey, zombieorc1_lemuel, serial_shops,
          nicolae_shop_waterfront
D:13:     layout_loops_ring, serial_bayou_crossing, uniq_erolcha, uniq_azrael,
          uniq_josephine
D:14:     orc_temple, layout_basic, erik_vaults_2, serial_shops, shop,
          nicolae_figureground_sparkle, tgw_lugonu_bribe, uniq_nessos
Temple:   nicolae_temple_figure_eight
Lair:1:   layout_loops_ring, st_stairs_3
Lair:2:   layout_concentric_octagons, lemuel_fruit_tree, lemuel_fruit_fields
Lair:3:   layout_concentric_octagons
Lair:4:   layout_hall_layers, elwin_shoals_entry_rocks, spider_nest_entry_a
Lair:5:   layout_regular_city, nicolae_slime_entry_slimehenge,
          ebering_ghost_inner_flame, basic_altar, nzn_sisyphean_effort
Lair:6:   grunt_lair_end_beastmaster, layout_concentric_octagons,
          lemuel_fruit_fields, grunt_megastairs_2
Spider:1: layout_chambers, hellmonk_deceptive_appearances
Spider:2: layout_spider_delve
Spider:3: layout_spider_delve
Spider:4: spider_rune_water, nicolae_looking_at_the_future
Orc:1:    layout_caves, serial_shops, shop_fountains, shop, mines2_david
Orc:2:    st_orc_elflike, layout_caves, mines2_lemuel

Skill      XL: |  1  2  3  4  5  6  7  8  9 10 11 12 13 14 15 16 17 |
---------------+----------------------------------------------------+-----
Invocations    | 1 2 3 4 5 6 7 8 9 10 11 | 11.0
Maces & Flails | 3 4 6 7 9 10 11 12 13 15 16 17 | 17.0
Armour         | 4 5 6 7 8 9 10 11 12 13 | 13.2
Shields        | 4 5 6 8 10 11 12 13 15 16 | 16.0
Fighting       | 4 5 6 7 8 9 10 11 12 13 | 13.7
Dodging        | 1 2 3 4 5 6 7 8 |  8.3

Action                   |  1- 3 |  4- 6 |  7- 9 | 10-12 | 13-15 | 16-18 || total
-------------------------+-------+-------+-------+-------+-------+-------++-------
Melee: Flail             |   129 |   227 |   257 |       |       |       ||   613
       Mace              |       |       |    35 |   736 |   281 |       ||  1052
       Morningstar       |       |       |    13 |       |       |       ||    13
       Eveningstar       |       |       |       |       |  1071 |   756 ||  1827
Evoke: Wand              |       |       |    10 |     1 |     8 |       ||    19
  Use: Scroll            |     2 |     9 |     5 |    19 |    11 |     3 ||    49
       Potion            |       |     1 |       |    12 |     2 |     5 ||    20
Armor: Scale mail        |    76 |   118 |       |       |       |       ||   194
       Plate armour      |       |    21 |   219 |   435 |   420 |   431 ||  1526
Dodge: Dodged            |    89 |    87 |    78 |   163 |   182 |   239 ||   838
Block: Buckler           |    39 |    52 |    93 |    39 |       |       ||   223
       Tower shield      |       |       |       |   579 |  1001 |  1021 ||  2601
       Reflection        |       |       |       |     2 |    21 |     2 ||    25

Table legend: (Time is in decaauts)
 A = Elapsed time spent in this place.
 B = Non-inter-level travel time spent in this place.
 C = Inter-level travel time spent in this place.
 D = Time resting spent in this place.
 E = Time spent auto-exploring this place.
 F = Levels seen in this place.
 G = Mean time per level.
                   A        B        C        D        E       F      G
               +--------+--------+--------+--------+--------+-----+--------+
         Total |  36690 |  35404 |   1286 |   8476 |  18287 |  27 | 1358.9 |
       Dungeon |  17008 |  16436 |    572 |   2175 |  10587 |  14 | 1214.9 |
        Temple |    213 |    202 |     11 |      0 |    201 |   1 |  213.0 |
          Lair |   9839 |   9478 |    361 |   2432 |   4876 |   6 | 1639.8 |
   Spider Nest |   7645 |   7404 |    241 |   3375 |   1892 |   4 | 1911.2 |
  Orcish Mines |   1983 |   1882 |    101 |    494 |    731 |   2 |  991.5 |
               +--------+--------+--------+--------+--------+-----+--------+

Top non-repeatable levels by time:
Spider:2: 2375 daAuts
Spider:3: 2185 daAuts
Spider:1: 2010 daAuts
    D:14: 2010 daAuts
  Lair:3: 1946 daAuts
  Lair:2: 1927 daAuts
  Lair:5: 1849 daAuts
  Lair:1: 1733 daAuts
    D:11: 1503 daAuts
    D:12: 1378 daAuts
    D:10: 1248 daAuts
     D:9: 1203 daAuts
  Lair:6: 1203 daAuts
   Orc:2: 1183 daAuts
  Lair:4: 1180 daAuts
